 Dungeon Crawl Stone Soup version 0.29-a0-91-gdebf4667c2 (webtiles) character file.

Game seed: 15899932056206580652

115021 siradein the Grappler (level 16, -5/161 HPs)
             Began as a Troll Fighter on Feb 8, 2022.
             Was the Champion of Qazlal.
             Splashed by a goliath frog's acid (9 damage)
             ... on level 2 of the Swamp.
             The game lasted 01:31:56 (24808 turns).

siradein the Grappler (Troll Fighter)              Turns: 24808, Time: 01:31:56

Health: -5/161     AC: 13    Str: 28    XL:     16   Next: 17%
Magic:  23/23      EV: 18    Int:  6    God:    Qazlal [******]
Gold:   2710       SH: 24    Dex: 13    Spells: 15/15 levels left

rFire   x . .      SeeInvis +     - Unarmed
rCold   + + .      Faith    .   O - +0 tower shield
rNeg    + + .      Spirit   .   W - +1 ice dragon scales of Qeoggemao {rF- rC++ rN++}
rPois   .          Reflect  .   L - +2 hat {SInv}
rElec   .          Harm     .   e - +2 cloak
rCorr   .          Rampage  .   (gloves unavailable)
Will    +....                   (boots unavailable)
Stlth   ..........              b - amulet of the acrobat
HPRegen 1.16/turn               h - ring of the Hare {EV+8}
MPRegen 0.18/turn               U - ring of flight

@: about to teleport, protected from physical damage, corroded, flying, repel
missiles
A: large, unfitting armour, claws 3, regeneration 1, shaggy fur 1, tough skin 1
a: Renounce Religion, Upheaval, Elemental Force, Disaster Area


You were on level 2 of the Swamp.
You worshipped Qazlal.
Qazlal was exalted by your worship.
You visited 4 branches of the dungeon, and saw 25 of its levels.
You also visited: Sewer, Ossuary and Ice Cave.

You collected 2939 gold pieces.
You spent 229 gold pieces at shops.

Inventory:

Missiles
 q - 4 curare-tipped darts
 t - 3 silver boomerangs
 G - 52 poisoned darts
 K - 27 large rocks
 V - 11 atropa-tipped darts
 Z - 15 boomerangs (quivered)
Armour
 a - a +0 troll leather armour
 e - a +2 cloak (worn)
 L - a +2 hat of see invisible (worn)
 O - a +0 tower shield (worn)
 W - the +1 ice dragon scales of Qeoggemao (worn) {rF- rC++ rN++}
   (You found it in an ice cave)

   rF:        It makes you vulnerable to fire.
   rC:        It greatly protects you from cold.
   rN:        It greatly protects you from negative energy.
Jewellery
 b - an amulet of the acrobat (around neck)
 h - the ring of the Hare (left claw) {EV+8}
   (You found it on level 5 of the Dungeon)

   [ring of evasion]

   EV:        It affects your evasion (+8).
 M - a ring of protection from fire
 Q - a +6 ring of strength
 S - a +4 ring of protection
 U - a ring of flight (right claw)
 X - a ring of see invisible
Wands
 d - a wand of flame (58)
 j - a wand of paralysis (16)
 B - a wand of polymorph (1)
 C - a wand of digging (29)
 D - a wand of iceblast (27)
 E - a wand of charming (16)
 R - a wand of acid (2)
Scrolls
 i - 6 scrolls of fog
 m - 6 scrolls of magic mapping
 p - 5 scrolls of enchant weapon
 s - a scroll of brand weapon
 x - 5 scrolls of teleportation
 y - a scroll of fear {unknown}
 A - 2 scrolls of enchant armour {unknown}
 F - 4 scrolls of amnesia
 J - a scroll of immolation
 N - a scroll of silence
 P - 3 scrolls of holy word {unknown}
 T - 3 scrolls of blinking
 Y - a scroll of identify
Potions
 c - 7 potions of might
 f - 2 potions of haste
 g - 2 potions of invisibility
 k - 7 potions of brilliance
 l - 6 potions of heal wounds
 n - 12 potions of curing
 o - 2 potions of cancellation
 r - 4 potions of attraction
 u - 3 potions of magic {unknown}
 v - 5 potions of mutation {unknown}
 w - 6 potions of flight
 z - 3 potions of ambrosia {unknown}
 H - a potion of lignification {unknown}
 I - 6 potions of berserk rage


   Skills:
 + Level 10.9 Fighting
 + Level 10.2 Throwing
 + Level 4.2 Armour
 + Level 10.9 Dodging
 + Level 11.0 Shields
 + Level 12.6 Unarmed Combat
 + Level 10.9 Invocations


You had 15 spell levels left.
You didn't know any spells.
Your spell library contained the following spells:

 Spells                   Type           Power      Damage    Failure   Level
 Animate Skeleton         Necr           0%         N/A       99%         1
 Apportation              Tloc           0%         N/A       99%         1
 Magic Dart               Conj           0%         1d3       99%         1
 Shock                    Conj/Air       0%         1d3       99%         1
 Summon Small Mammal      Summ           0%         N/A       99%         1
 Call Imp                 Summ           0%         N/A       100%        2
 Call Canine Familiar     Summ           0%         N/A       100%        3
 Conjure Flame            Conj/Fire      0%         6-21      100%        3
 Ignite Poison            Fire/Tmut/Pois 0%         N/A       100%        3
 Mephitic Cloud           Conj/Pois/Air  0%         N/A       100%        3
 Portal Projectile        Hex/Tloc       0%         N/A       100%        3
 Summon Guardian Golem    Hex/Summ       0%         N/A       100%        3
 Swiftness                Air            0%         N/A       100%        3
 Airstrike                Air            0%         N/A       100%        4
 Leda's Liquefaction      Hex/Erth       0%         N/A       100%        4
 Sticky Flame             Conj/Fire      0%         2d3       100%        4
 Summon Lightning Spire   Summ/Air       0%         N/A       100%        4
 Alistair's Intoxication  Tmut/Pois      0%         N/A       100%        5
 Blade Hands              Tmut           0%         N/A       100%        5
 Borgnjor's Vile Clutch   Necr/Erth      0%         N/A       100%        5
 Irradiate                Conj/Tmut      0%         3d13      100%        5
 Lightning Bolt           Conj/Air       0%         1d11      100%        5
 Eringya's Noxious Bog    Tmut/Pois      0%         N/A       100%        6
 Dragon Form              Tmut           0%         N/A       100%        7
 Malign Gateway           Summ/Tloc      0%         N/A       100%        7
 Orb of Destruction       Conj           0%         9d5       100%        7
 Spellforged Servitor     Conj/Summ      0%         N/A       100%        7
 Summon Horrible Things   Summ           0%         N/A       100%        8


Dungeon Overview and Level Annotations

Branches:
Dungeon (15/15)            Temple (0/1) D:5            Lair (6/6) D:11
  Swamp (2/4) Lair:2        Snake (0/4) Lair:4        Slime (0/5) Lair:6
    Orc (2/2) D:12            Elf (0/3) Orc:2        Vaults (0/5) D:14
 Depths (0/4) D:15          Sewer (visited)         Ossuary (visited)
  IceCv (visited)

Altars:
Gozag
Hepliaklqana
Makhleb
Qazlal
Ru
Sif Muna
Vehumet
Xom
Yredelemnul
Zin
The Shining One

Shops:
D:1 [   D:5 :   D:11 *   D:12 (   Orc:2 *[**

Portals:
Hell: Lair:6

Annotations:
D:5 2 runed translucent doors
D:8 3 runed translucent doors, crescentfresh's ghost, novice OpCj


Innate Abilities, Weirdness & Mutations

You are too large for most types of armour.
You have claws for hands.
Your natural rate of healing is unusually fast.
You are covered in fur. (AC +1)
You have tough skin. (AC +1)


Message History

The tyrant leech seems to grow more fierce.
The goliath frog seems to grow more fierce. x2
You kill the spriggan druid!
Qazlal accepts your kill. The goliath frog barely misses you.
The eleionoma flows through the trees.
You block the goliath frog's attack. x2
The goliath frog hits you but does no damage.
The spriggan barely misses you.
You mangle the eleionoma!!
The eleionoma is moderately wounded.
The eleionoma is engulfed in freezing vapours.
You block the eleionoma's attack. You block the goliath frog's attack.
The goliath frog is struck by lightning.
The goliath frog closely misses you. You block the goliath frog's attack.
Unknown command.
Unknown command.
Unknown command.
You mangle the eleionoma!!
The eleionoma is severely wounded.
You block the spriggan's attack.
The eleionoma hurls a spray of splinters at you.
The spray of wooden splinters misses you.
You block the goliath frog's attack. The goliath frog hits you from afar!!
* * * LOW HITPOINT WARNING * * *
You are splashed with acid!
* * * LOW HITPOINT WARNING * * *
You block the goliath frog's attack.
Unknown command.
You claw the eleionoma!
The eleionoma is severely wounded.
The thorn hunter gestures.
You block the goliath frog's attack. The spriggan completely misses you.
The goliath frog misses you.
The eleionoma is struck by lightning.
You kill the eleionoma!
Qazlal accepts your kill.
An eleionoma bone magically twists into a wand of iceblast (4).
The goliath frog hits you from afar.
* * * LOW HITPOINT WARNING * * *
You are splashed with acid!
You die...

♣♣ ♣♣♣♣.♣ ♣♣♣
♣♣...(.♣♣i♣♣
♣≈.≈≈..♣.°@♣
♣♣..≈..♣F§♣♣
♣♣.♣.≈≈.fFF♣
♣≈......wD♣♣
. ♣........≈♣
≈.♣..≈...≈≈≈♣
.≈..≈...≈≈.♣♣
.≈≈.≈≈≈.≈.♣♣
..≈≈.....≈≈♣


You could see a thorn hunter, a six-headed hydra (strong), a tyrant leech
(strong), 3 goliath frogs and a spriggan.

Vanquished Creatures
  Gastronok (Lair:2)
  An azure jelly (IceCv)
  Nessos (D:12)
  5 bunyips (Swamp:1)
  2 eleionomae
  An ettin (D:15)
  Snorg (D:11)
  Josephine (D:12)
  3 boulder beetles
  A hell beast (Lair:6)
  9 hydras
  A vault guard (D:14)
  2 ghost crabs (Swamp:1)
  5 centaur warriors
  An ogre mage (D:15)
  An anaconda (Lair:6)
  11 two-headed ogres
  5 orc high priests
  An alligator (Swamp:1)
  Nergalle (D:11)
  6 spriggans
  2 deep trolls (D:15)
  A fire crab (Lair:4)
  A spriggan druid (Swamp:2)
  2 goliath frogs (Swamp:1)
  2 bog bodies (Swamp:1)
  A swamp dragon (Swamp:1)
  3 wizards
  An obsidian statue (D:13)
  2 deep elf pyromancers (D:15)
  2 orc knights (D:15)
  3 oklob plants (Lair:6)
  8 cyclopes
  A salamander (shapeshifter) (D:11)
  2 orc sorcerers (Orc:2)
  5 ugly things (D:14)
  13 elephants
  A manticore (D:14)
  3 ice statues (IceCv)
  8 black mambas
  2 orange demons (Lair:6)
  3 gargoyles
  6 cane toads
  6 kobold demonologists
  An unseen horror (D:12)
  11 rime drakes
  4 yaktaurs (D:14)
  A yaktaur (shapeshifter) (D:14)
  16 komodo dragons
  4 entropy weaver simulacra (IceCv)
  3 ice devils (Lair:6)
  A hellwing (Lair:6)
  6 trolls
  A red devil (Lair:6)
  7 hornets
  28 slime creatures
  25 blink frogs
  10 dream sheep
  A centaur simulacrum (D:14)
  A vampire (D:13)
  2 water elementals (D:12)
  6 wraiths
  4 basilisks
  35 yaks
  3 wyverns
  A steam dragon (D:8)
  6 wargs
  6 swamp worms
  2 acid dragons (D:11)
  3 demonic crawler simulacra (IceCv)
  3 hell hounds (Lair:6)
  26 water moccasins
  2 sky beasts
  Pargi (Sewer)
  25 orc warriors
  5 black bears
  8 ogres
  5 ugly thing simulacra (IceCv)
  12 wolves
  21 centaurs
  2 phantoms
  11 kobold brigands
  5 bullfrogs
  2 glowing shapeshifter simulacra (IceCv)
  2 scorpions
  A wyvern skeleton (D:6)
  A killer bee (D:5)
  8 electric eels
  A howler monkey (D:14)
  A crimson imp (D:13)
  5 centaur zombies
  A jelly (D:8)
  2 quasits (D:13)
  5 hounds
  25 orc priests
  A gnoll shaman (D:9)
  A bullfrog skeleton (D:5)
  3 iguanas
  33 orc wizards
  A scorpion zombie (D:5)
  A killer bee zombie (D:7)
  A hound skeleton (D:5)
  8 mummies (Ossuary)
  A howler monkey zombie (D:9)
  5 gnolls
  A howler monkey skeleton (D:7)
  14 adders
  A river rat (D:3)
  15 white imps
  6 ufetubi
  4 worms
  3 dart slugs
  60 orcs
  An endoplasm (D:3)
  6 giant cockroaches
  11 goblins
  4 hobgoblins (D:4)
  7 jackals
  A quokka (D:2)
  3 ball pythons
  4 bats
  4 frilled lizards
  3 hobgoblin zombies (Ossuary)
  24 kobolds
  2 kobold zombies (Ossuary)
  3 orc zombies (Ossuary)
  5 rats
743 creatures vanquished.

Vanquished Creatures (others)
  An ogre mage (D:15)
  A two-headed ogre (D:15)
  An alligator (Swamp:2)
  A cane toad (Lair:6)
  A bloated husk (Swamp:1)
  A tyrant leech (Swamp:2)
  A swamp worm (Swamp:1)
  An orc wizard (D:12)
  A white imp (D:12)
  A bush (D:13)
  25 fungi
  28 plants
63 creatures vanquished.

Grand Total: 806 creatures vanquished

Notes
Turn   | Place    | Note
-------+----------+-------------------------------------------
     0 | D:1      | siradein the Troll Fighter began the quest for the Orb.
     0 | D:1      | Reached XP level 1. HP: 22/22 MP: 0/0
   126 | D:1      | Found Syad's Armour Boutique.
   329 | D:1      | Reached XP level 2. HP: 22/29 MP: 1/1
   813 | D:2      | Found a faded altar of an unknown god.
   869 | D:2      | Reached XP level 3. HP: 32/36 MP: 2/2
  1204 | D:2      | Reached XP level 4. HP: 44/44 MP: 3/3
  1506 | D:3      | Found a glowing drain.
  1513 | Sewer    | Entered a sewer
  1569 | Sewer    | Noticed Pargi
  1592 | Sewer    | Killed Pargi
  1593 | Sewer    | Reached skill level 3 in Unarmed Combat
  1593 | Sewer    | Reached XP level 5. HP: 45/53 MP: 4/4
  2295 | D:4      | Reached XP level 6. HP: 61/61 MP: 5/5
  2349 | D:4      | Found a sand-covered staircase.
  2359 | Ossuary  | Entered an ossuary
  2895 | D:4      | Reached skill level 4 in Unarmed Combat
  3054 | D:4      | Found a glowing golden altar of the Shining One.
  3057 | D:4      | Found a sacrificial altar of Ru.
  3057 | D:4      | Found a stormy altar of Qazlal.
  3070 | D:4      | Found a radiant altar of Vehumet.
  3073 | D:4      | Found a shimmering altar of Xom.
  3081 | D:4      | Became a worshipper of Qazlal Stormbringer
  3259 | D:5      | Entered Level 5 of the Dungeon
  3260 | D:5      | Found a large runed translucent door.
  3260 | D:5      | Found a large runed translucent door.
  3261 | D:5      | Noticed a yak
  3268 | D:5      | Reached XP level 7. HP: 70/70 MP: 6/6
  3272 | D:5      | Found a large runed translucent door.
  3352 | D:5      | Found a large runed translucent door.
  3485 | D:5      | Found the ring of the Hare {EV+8}
  3552 | D:5      | Reached skill level 1 in Invocations
  3560 | D:5      | Noticed a kobold demonologist
  3567 | D:5      | Noticed a red devil
  3575 | D:5      | Killed a kobold demonologist
  3576 | D:5      | Reached skill level 5 in Unarmed Combat
  3576 | D:5      | Reached XP level 8. HP: 17/79 MP: 6/8
  3779 | D:5      | Found Hiteck's Book Boutique.
  3902 | D:5      | Found a staircase to the Ecumenical Temple.
  3935 | D:5      | Reached * piety under Qazlal
  4129 | D:5      | Reached skill level 5 in Fighting
  4129 | D:5      | Reached skill level 5 in Dodging
  4132 | D:5      | Reached skill level 5 in Shields
  4279 | D:6      | Reached XP level 9. HP: 88/88 MP: 10/10
  4472 | D:6      | Reached skill level 6 in Unarmed Combat
  4542 | D:6      | Found a glowing silver altar of Zin.
  4547 | D:6      | Found a basalt altar of Yredelemnul.
  5058 | D:7      | Found a hazy altar of Hepliaklqana.
  5301 | D:7      | Reached ** piety under Qazlal
  5347 | D:7      | Reached skill level 1 in Throwing
  5679 | D:8      | Found a runed translucent gate.
  5680 | D:8      | Found a runed translucent gate.
  5681 | D:8      | Found a runed translucent gate.
  5683 | D:8      | Noticed crescentfresh's ghost (novice OpCj)
  5724 | D:8      | Paralysed by a hornet for 1 turns
  6289 | D:9      | Reached XP level 10. HP: 98/98 MP: 12/12
  6833 | D:10     | Entered Level 10 of the Dungeon
  6882 | D:10     | Noticed a gargoyle
  6897 | D:10     | Killed a gargoyle
  6898 | D:10     | Reached skill level 7 in Unarmed Combat
  6962 | D:9      | Reached skill level 5 in Invocations
  7266 | D:10     | Noticed an orange demon
  7308 | D:10     | Reached *** piety under Qazlal
  7350 | D:10     | Noticed a two-headed ogre
  7375 | D:10     | Killed a two-headed ogre
  7652 | D:10     | Noticed a cyclops
  7658 | D:10     | Killed a cyclops
  7704 | D:10     | Reached XP level 11. HP: 107/107 MP: 14/14
  7756 | D:10     | Identified the +2 glaive of the Witching Messenger {holy,
                  | rCorr Str+3}
  7977 | D:11     | Noticed a centaur warrior
  7995 | D:11     | Killed a centaur warrior
  8089 | D:11     | Reached skill level 8 in Unarmed Combat
  8324 | D:11     | Found a staircase to the Lair.
  8454 | D:11     | Noticed Snorg
  8489 | D:11     | Killed Snorg
  8550 | D:11     | Found an opulent altar of Gozag.
  8556 | D:11     | Found Gozag's Platinum Reserve.
  8561 | D:11     | Noticed Nergalle
  8748 | D:11     | Killed Nergalle
  8749 | D:11     | Reached skill level 5 in Throwing
  9163 | Lair:1   | Entered Level 1 of the Lair of Beasts
  9280 | Lair:1   | Noticed a six-headed hydra
  9344 | Lair:1   | Killed a six-headed hydra
  9445 | Lair:1   | Reached XP level 12. HP: 99/118 MP: 16/16
  9690 | Lair:1   | Reached skill level 9 in Unarmed Combat
  9933 | Lair:1   | Reached **** piety under Qazlal
 10432 | Lair:2   | Noticed Gastronok
 10614 | Lair:2   | Killed Gastronok
 10631 | Lair:2   | Found a staircase to the Swamp.
 11701 | Lair:3   | Noticed a seven-headed hydra
 11830 | Lair:2   | Killed a seven-headed hydra
 12050 | Lair:3   | Reached XP level 13. HP: 94/128 MP: 16/18
 12222 | Lair:3   | Reached ***** piety under Qazlal
 12685 | Lair:3   | Reached skill level 10 in Unarmed Combat
 12867 | Lair:4   | Found a staircase to the Snake Pit.
 13827 | Lair:5   | Identified the +11 whip "Suzumian" {distort, rPois}
 14653 | Lair:6   | Entered Level 6 of the Lair of Beasts
 15603 | Lair:6   | Reached XP level 14. HP: 85/140 MP: 19/19
 15857 | D:12     | Found a frozen archway.
 15966 | D:12     | Noticed Josephine
 15992 | D:12     | Reached ****** piety under Qazlal
 15996 | D:12     | Killed Josephine
 15999 | D:12     | Reached skill level 11 in Unarmed Combat
 16018 | IceCv    | Entered an ice cave
 16622 | IceCv    | Noticed an azure jelly
 16694 | IceCv    | Killed an azure jelly
 16783 | IceCv    | Found a viscous altar of Jiyva.
 16812 | IceCv    | Identified the +1 ice dragon scales of Qeoggemao {rF- rC++
                  | rN++}
 16824 | IceCv    | Identified the +1 robe "Kuptaop" {Int+3}
 17508 | Lair:6   | Found a burning altar of Makhleb.
 17641 | Lair:6   | Reached skill level 10 in Shields
 17831 | Lair:6   | Reached skill level 10 in Dodging
 17950 | Lair:6   | Found a staircase to the Slime Pits.
 18154 | Lair:6   | Found a gateway to Hell.
 18161 | Lair:6   | Identified the +0 pair of boots "Qaacret" {Fly rF+ Will+
                  | Int-4}
 18509 | D:12     | Found Ymoin's Weapon Shoppe.
 18552 | D:12     | Noticed Nessos
 18574 | D:12     | Killed Nessos
 18575 | D:12     | Reached skill level 10 in Fighting
 18832 | D:12     | Found a staircase to the Orcish Mines.
 18866 | Orc:1    | Entered Level 1 of the Orcish Mines
 19202 | Orc:2    | Entered Level 2 of the Orcish Mines
 19228 | Orc:2    | Reached skill level 1 in Armour
 19600 | Orc:1    | Reached skill level 10 in Invocations
 19756 | Orc:2    | Lost intelligence.
 19836 | Orc:2    | Reached XP level 15. HP: 149/149 MP: 11/21
 20000 | Orc:2    | Found Cyutz's Assorted Antiques.
 20000 | Orc:2    | Found Soruled's General Store.
 20001 | Orc:2    | Found Xeikin's General Store.
 20005 | Orc:2    | Found Sueprisch's Armour Shop.
 20010 | Orc:2    | Bought a scroll of identify for 32 gold pieces
 20010 | Orc:2    | Bought a scroll of identify for 32 gold pieces
 20016 | Orc:2    | Bought a potion of berserk rage for 75 gold pieces
 20016 | Orc:2    | Bought a potion of flight for 45 gold pieces
 20016 | Orc:2    | Bought a scroll of teleportation for 45 gold pieces
 20031 | Orc:2    | Found a staircase to the Elven Halls.
 22082 | D:14     | You fall into a shaft and drop 1 floor!
 22082 | D:15     | Entered Level 15 of the Dungeon
 22312 | D:14     | Reached skill level 12 in Unarmed Combat
 22767 | D:14     | Found a gate to the Vaults.
 23221 | D:15     | Found a staircase to the Depths.
 23561 | D:15     | Found a glowing silver altar of Zin.
 23836 | D:15     | Found a shimmering blue altar of Sif Muna.
 24080 | Swamp:1  | Entered Level 1 of the Swamp
 24241 | Swamp:1  | Reached skill level 10 in Throwing
 24259 | Swamp:1  | Reached XP level 16. HP: 149/161 MP: 23/23
 24520 | Swamp:1  | Identified the +1 robe of the Fiddle {+Inv rF+ Str+2}
 24797 | Swamp:2  | Noticed a thorn hunter
 24800 | Swamp:2  | Noticed a thorn hunter
 24808 | Swamp:2  | HP: 4/161 [goliath frog (6)]
 24808 | Swamp:2  | Splashed by a goliath frog's acid

Illustrated notes

Levels and vault maps discovered:
D:1:      minmay_arrival_stair_chambers, layout_basic, serial_shops, shop
D:2:      layout_loops_cross, nicolae_ecumenical_oubliette, grunt_ministairs_9,
          kennysheep_another_room, minmay_hedge_maze
D:3:      minmay_chambers_of_twos, layout_rooms, gup_sewer_entry_bubbles,
          kennysheep_generic_room_5
D:4:      nicolae_cairo_tiling, layout_basic, minmay_overflow_temple_star_hex,
          nicolae_ossuary_entry_ruins
D:5:      layout_loops_ring, minmay_temple_entry_antechambers, serial_shops,
          shop, minmay_misc_feat_cross, minmay_hollow_rounded_squares
D:6:      layout_cave_pools, mainiacjoe_overflow_big_doors
D:7:      layout_loops_corners, lemuel_doored_altar
D:8:      layout_basic, gammafunk_ghost_spectres, minmay_statues_item
D:9:      layout_loops_ring, chequers_decorated_corner,
          kennysheep_generic_room_15
D:10:     layout_small_grid, lightli_minifort
D:11:     layout_small_grid, erik_lair_dragon, nicolae_gozag_zags_fifth_avenue,
          uniq_nergalle, uniq_snorg
D:12:     layout_rooms, erik_orc_2, serial_shops,
          nicolae_shop_temple_entry_statues_fountains,
          portal_ice_cave_entry_imps, uniq_josephine, uniq_nessos
D:13:     kennysheep_kobold_grotto, layout_stronghold
D:14:     layout_gridville, david_vaults_5, hangedman_decor_growths
D:15:     hangedman_depths_entry_civil_slaughter, layout_cave_pools,
          led_sif_pool, zin_angel
Lair:1:   layout_gridlike, grunt_megastairs_4, serial_bayou_shore_b,
          serial_bayou_shore_b, lemuel_fruit_tree
Lair:2:   layout_cave_pods, minmay_swamp_entry_eels, uniq_gastronok
Lair:3:   layout_hall_layers, grunt_megastairs_1
Lair:4:   layout_cave_pods, minmay_snake_entry_six_corridors
Lair:5:   layout_roguey
Lair:6:   evil_forest, layout_regular_city, minmay_slime_entry_oklob_enclosed
Swamp:1:  layout_falls_marsh, evilmike_swamp_ruin_house_5
Swamp:2:  layout_basic_swamp, evilmike_swamp_ruin_house_1,
          infiniplex_staircase_pool_2
Orc:1:    layout_caves, nicolae_orc_lava_room
Orc:2:    st_orc_mages, layout_caves, nooodl_orcs_dogs

Skill      XL: |  1  2  3  4  5  6  7  8  9 10 11 12 13 14 15 16 |
---------------+-------------------------------------------------+-----
Dodging        | 3 4 5 6 7 8 9 10 | 10.9
Shields        | 3 4 5 6 7 8 9 10 11 | 11.0
Fighting       | 3 4 5 6 7 8 9 10 | 10.9
Unarmed Combat | 3 4 5 6 7 8 9 10 11 12 | 12.6
Invocations    | 2 3 4 5 6 8 9 10 | 10.9
Throwing       | 2 4 5 6 8 9 10 | 10.2
Armour         | 1 3 4 |  4.2

Action                   |  1- 3 |  4- 6 |  7- 9 | 10-12 | 13-15 | 16-18 || total
-------------------------+-------+-------+-------+-------+-------+-------++-------
Melee: Unarmed           |    72 |   212 |   262 |   548 |  1447 |   105 ||  2646
Throw: Dart              |       |       |     9 |    26 |       |       ||    35
       Large rock        |       |       |       |     6 |       |       ||     6
       Stone             |       |       |       |     1 |    68 |       ||    69
       Boomerang         |       |       |       |       |     1 |    11 ||    12
Invok: Upheaval          |       |       |       |       |     6 |       ||     6
  Use: Scroll            |       |     6 |     1 |     7 |     6 |     2 ||    22
       Potion            |       |       |       |     1 |       |       ||     1
 Stab: Sleeping          |       |     3 |     1 |       |       |       ||     4
       Invisible         |       |       |       |     2 |       |       ||     2
Armor: Robe              |    19 |    71 |    48 |    57 |   122 |       ||   317
       Ice dragon scales |       |       |       |       |   184 |    41 ||   225
       Troll leather arm |       |       |       |       |    33 |       ||    33
Dodge: Dodged            |    15 |    75 |   148 |   346 |   868 |    57 ||  1509
       Repelled          |       |       |       |    12 |    20 |     1 ||    33
Block: Kite shield       |    18 |    71 |   125 |    54 |       |       ||   268
       Tower shield      |       |       |       |   539 |  2006 |   152 ||  2697

Table legend: (Time is in decaauts)
 A = Elapsed time spent in this place.
 B = Non-inter-level travel time spent in this place.
 C = Inter-level travel time spent in this place.
 D = Time resting spent in this place.
 E = Time spent auto-exploring this place.
 F = Levels seen in this place.
 G = Mean time per level.
                   A        B        C        D        E       F      G
               +--------+--------+--------+--------+--------+-----+--------+
         Total |  25085 |  22796 |   2289 |   1291 |  14774 |  28 |  895.9 |
       Dungeon |  13562 |  12143 |   1419 |    162 |   8889 |  15 |  904.1 |
          Lair |   7902 |   7091 |    811 |    754 |   4300 |   6 | 1317.0 |
         Swamp |    634 |    634 |      0 |     12 |    350 |   2 |  317.0 |
  Orcish Mines |   1734 |   1677 |     57 |    330 |    762 |   2 |  867.0 |
         Sewer |    151 |    151 |      0 |      0 |     90 |   1 |  151.0 |
       Ossuary |    202 |    202 |      0 |      0 |    107 |   1 |  202.0 |
      Ice Cave |    898 |    898 |      0 |     33 |    275 |   1 |  898.0 |
               +--------+--------+--------+--------+--------+-----+--------+

Top non-repeatable levels by time:
    D:11: 1817 daAuts
  Lair:2: 1811 daAuts
  Lair:6: 1518 daAuts
  Lair:1: 1272 daAuts
  Lair:5: 1223 daAuts
    D:13: 1200 daAuts
  Lair:4: 1071 daAuts
    D:10: 1019 daAuts
  Lair:3: 1003 daAuts
    D:14: 963 daAuts
     D:7: 957 daAuts
     D:5: 920 daAuts
    D:15: 913 daAuts
   IceCv: 898 daAuts
   Orc:1: 874 daAuts
